 Dungeon Crawl Stone Soup version 0.24-a0-317-g5cb8de4 (webtiles) character file.

Game seed: 4933358564552933493

193463 tsouns the Imperceptible (level 18, -37/120 HPs)
             Began as a Spriggan Assassin on May 15, 2019.
             Was the Champion of Elyvilon.
             Killed from afar by a nagaraja (42 damage)
             ... with a bolt of poison
             ... on level 4 of the Snake Pit on May 16, 2019.
             The game lasted 02:51:03 (43938 turns).

tsouns the Imperceptible (Spriggan Assassin)       Turns: 43938, Time: 02:51:05

Health: -37/120    AC: 17    Str:  7    XL:     18   Next: 7%
Magic:  53/53      EV: 34    Int: 23    God:    Elyvilon [******]
Gold:   223        SH:  0    Dex: 20    Spells: 18/41 levels left

rFire    + + .     SeeInvis +   z - +6 rapier (elec)
rCold    . . .     Gourm    .   (shield restricted)
rNeg     . . .     Faith    .   K - +5 steam dragon scales
rPois    .         Spirit   .   D - +3 hat of Pondering {ponderous, MR+ MP+10 Int+5}
rElec    .         Reflect  .   S - +2 cloak {rF+}
rCorr    +         Harm     .   (gloves unavailable)
MR       ++++.     Rnd*Tele +   (boots unavailable)
Stlth    ++++++++..             C - amulet of regeneration
HPRegen  0.70/turn              j - ring of resist corrosion
MPRegen  0.33/turn              B - ring of protection from fire

@: lethally poisoned (-37 -> -45), confusing touch, divinely vigorous, very
quick
A: very small, unfitting armour, see invisible, herbivore, speed 3, slow
metabolism 2, teleportitis 1, subdued magic 1
a: Lesser Healing, Heal Other, Purification, Greater Healing, Divine Vigour,
Divine Protection, Renounce Religion


You were on level 4 of the Snake Pit.
You worshipped Elyvilon.
Elyvilon was exalted by your worship.
You were not hungry.

You visited 7 branches of the dungeon, and saw 33 of its levels.
You visited the Abyss 1 time.
You also visited: Ice Cave and Volcano.

You collected 3563 gold pieces.
You spent 3340 gold pieces at shops.

Inventory:

Hand Weapons
 x - a +3 quick blade
 z - a +6 rapier of electrocution (weapon)
 M - a +5 dagger
 U - a +4 dagger of venom
Missiles
 c - 7 boomerangs of dispersal
 d - 122 poisoned darts (quivered)
 o - 3 curare-tipped darts
 p - 70 boomerangs
 Y - 8 throwing nets
Armour
 D - the +3 hat of Pondering (worn) {ponderous, MR+ MP+10 Int+5}
   (You took it off Gastronok on level 3 of the Lair of Beasts)

   It affects your intelligence (+5).
   It affects your resistance to hostile enchantments.
   It affects your magic capacity (+10).
 K - +5 steam dragon scales (worn)
 S - a +2 cloak of fire resistance (worn)
Jewellery
 j - a ring of resist corrosion (left hand)
 B - a ring of protection from fire (right hand)
 C - an amulet of regeneration (around neck)
 P - an uncursed ring of ice
Wands
 b - a wand of paralysis (17)
 g - a wand of acid (7)
 E - a wand of enslavement (14)
 F - a wand of flame (20)
 H - a wand of polymorph (11)
 X - a wand of iceblast (5)
Scrolls
 e - a scroll of enchant armour
 h - 18 scrolls of remove curse
 i - 2 scrolls of magic mapping
 k - 20 scrolls of teleportation
 n - 6 scrolls of identify
 y - 2 scrolls of fear
 A - a scroll of holy word
 G - 3 scrolls of amnesia
 L - a scroll of silence
 V - 5 scrolls of vulnerability
Potions
 l - 2 potions of haste
 m - 5 potions of mutation
 q - 8 potions of curing
 r - 4 potions of resistance
 s - 7 potions of brilliance
 t - 7 potions of lignification
 u - 6 potions of might
 v - 2 potions of flight
 w - 3 potions of ambrosia
 I - 3 potions of agility
 N - 2 potions of invisibility
 Q - a potion of heal wounds
 W - a potion of cancellation
Miscellaneous
 a - a phial of floods
 J - 2 boxes of beasts
 O - a phantom mirror
 Z - a fan of gales
Comestibles
 f - 25 rations


   Skills:
 + Level 11.5 Fighting
 + Level 11.0 Short Blades
 - Level 8.1 Throwing
 - Level 5.3 Armour
 + Level 17.5 Dodging
 + Level 21.8 Stealth
 - Level 12.0 Spellcasting
 - Level 1.3 Conjurations
 - Level 11.9 Hexes
 - Level 3.4 Transmutations
 - Level 1.7 Air Magic
 - Level 2.0 Poison Magic
 + Level 11.4 Invocations
 - Level 2.8 Evocations


You had 18 spell levels left.
You knew the following spells:

 Your Spells              Type           Power        Failure   Level  Hunger
a - Apportation           Tloc           ##....       3%          1    None
b - Confusing Touch       Hex            ######       0%          1    None
c - Dazzling Spray        Conj/Hex       ####..       1%          3    None
d - Confuse               Hex            ######..     1%          3    None
e - Tukima's Dance        Hex            ######..     1%          3    None
f - Ensorcelled Hibernat  Hex/Ice        ####..       1%          2    None
g - Passwall              Tmut/Erth      ###.....     2%          2    None
h - Mephitic Cloud        Conj/Pois/Air  ###.....     5%          3    None
i - Yara's Violent Unrav  Hex/Tmut       #####.....   4%          5    ####...

Your spell library contained the following spells:

 Spells                   Type           Power        Failure   Level  Hunger
 Corona                   Hex            ######.      0%          1    None
 Magic Dart               Conj           ###.         1%          1    None
 Sting                    Conj/Pois      ###.         1%          1    None
 Poisonous Vapours        Pois/Air       ###...       2%          2    None
 Fulminant Prism          Conj/Hex       ####......   2%          4    None
 Animate Skeleton         Necr           N/A          3%          1    None
 Sandblast                Erth           ##....       3%          1    None
 Summon Small Mammal      Summ           ##..         3%          1    None
 Searing Ray              Conj           ###...       3%          2    None
 Stone Arrow              Conj/Erth      ##....       9%          3    None
 Metabolic Englaciation   Hex/Ice        ####......   9%          5    ####...
 Gell's Gravitas          Tloc           ##........   12%         3    None
 Olgreb's Toxic Radiance  Pois           ###.....     17%         4    None
 Petrify                  Tmut/Erth      ###.....     19%         4    None
 Iskenderun's Mystic Bla  Conj           ###.....     22%         4    None
 Force Lance              Conj/Tloc      ##......     30%         4    None
 Venom Bolt               Conj/Pois      ###.......   50%         5    ####...
 Lee's Rapid Deconstruct  Erth           ##........   73%         5    ####...


Dungeon Overview and Level Annotations

Branches:
Dungeon (15/15)            Temple (1/1) D:6            Lair (6/6) D:11
 Shoals (4/4) Lair:3        Snake (4/4) Lair:4        Slime (0/5) Lair:6
    Orc (2/2) D:12            Elf (1/3) Orc:2        Vaults (0/5) D:14
 Depths (0/5) D:15

Altars:
Ashenzari
Cheibriados
Dithmenos
Elyvilon
Fedhas
Gozag
Hepliaklqana
Kikubaaqudgha
Makhleb
Nemelex Xobeh
Okawaru
Qazlal
Ru
Sif Muna
Trog
Uskayaw
Vehumet
Wu Jian
Xom
Yredelemnul
Zin
The Shining One
Beogh

Shops:
D:7 (   D:8 [   D:9 %   D:13 %   Orc:1 *   Orc:2 %[**??   Elf:1 =   Shoals:3 ?
Shoals:4 *(   Snake:1 *=*

Portals:
Trove: D:13 (give +3 ice dragon scales)

Annotations:
D:12 1 runed translucent door, melvinkitnick's ghost, journeyman DDFi
D:14 Azrael
Lair:2 1 runed translucent door, zkyp's ghost, journeyman TeSu
Lair:4 2 transporters, Nafrigg's ghost, adept DrCj
Lair:5 1 runed translucent door, Stiffzip's ghost, journeyman SpWz
Orc:2 3 runed translucent doors, Loge's ghost, journeyman TrMo


Innate Abilities, Weirdness & Mutations

You are very small and have problems with some larger weapons.
You are too small for most types of armour.
You have supernaturally acute eyesight. (SInv)
You are a herbivore.
You cover ground extremely quickly.
You need to consume almost no food.
You are occasionally teleported next to monsters.
Your spells are a little easier to cast, but a little less powerful.


Message History

You feel better. The nagaraja spits poison at you.
The splash of poison hits you!
You are poisoned.
* * * LOW HITPOINT WARNING * * *
x2 The nagaraja constricts you.
The nagaraja hits you from afar with a +0 spear!
Elyvilon protects you from harm!
The nagaraja hits you but does no damage.
* * * LOW HITPOINT WARNING * * *
The nagaraja constricts you.
Okay, then.
You escape the nagaraja's grasp.
You feel sick.
Okay, then.
Okay, then.
Elyvilon grants you divine vigour.
You feel a lot more hungry.
You feel sick. The nagaraja casts a spell at you.
The bolt of poison hits you!!!
You are lethally poisoned!
You die...

#......# ######## #.##'#
#....))# #).... #......#
#....# #......# #....#
#......###### #....#
.............##### #....#
..#........#.......####
#....# .
#........#..........###
#....#
.........).)..@.......##
#....#
###......#####..........#
#....# #......#
####NN)...†###....#
#......# ##...#...##....'
#......# ##N......##...^#
#....(.#
####.N.....###....#
##......#####.....)....#
#.....
...............[......##
#.....
#....#...#.N........###
#.....


You could see a naga warrior and 2 nagarajas.

Vanquished Creatures
  Nikola (Elf:1)
  Rupert (D:12)
  Jorgrun (D:12)
  Asterion (Snake:2)
  Gastronok (Lair:3)
  A kraken (Shoals:3)
  Frances (D:13)
  Kirke (Snake:2)
  4 nagarajas
  A frost giant (IceCv)
  A dire elephant (D:15)
  A deep elf death mage (Elf:1)
  3 merfolk impalers
  A fire dragon (Volcano)
  Erolcha (Orc:2)
  8 hydras
  Fannar (Lair:3)
  10 naga warriors
  4 merfolk avatars
  3 centaur warriors
  3 catoblepae (Lair:6)
  5 anacondas
  9 death yaks
  8 two-headed ogres
  2 alligators
  A satyr (Shoals:3)
  5 orc high priests
  3 deep elf knights (Elf:1)
  7 shock serpents
  A soul eater (Abyss:2)
  Sonja (Lair:2)
  5 naga sharpshooters
  5 sea snakes
  2 swamp dragons (Snake:1)
  Pikel (D:5)
  2 wizards
  8 orc knights
  5 naga ritualists
  13 harpies
  21 deep elf magi
  4 deep elf archers (Elf:1)
  13 mana vipers
  4 cyclopes
  An oklob plant (Lair:6)
  An ugly thing (D:11)
  12 fauns
  16 manticores
  A wolf spider (D:15)
  4 elephants (Lair:6)
  11 salamanders
  3 centaur zombies
  A worldbinder (Abyss:2)
  A guardian serpent (shapeshifter) (D:13)
  2 guardian serpents (Snake:2)
  31 black mambas
  An ice statue (IceCv)
  14 naga magi
  2 merfolk sirens (Shoals:2)
  Psyche (D:8)
  2 water nymphs
  9 spiny frogs
  8 komodo dragons
  3 centaur skeletons
  2 efreet
  2 yaktaurs (D:15)
  3 rime drakes
  16 merfolk
  6 trolls
  3 wind drakes
  3 hornets
  6 polar bears
  5 slime creatures
  6 snapping turtles
  14 hippogriffs
  10 blink frogs
  4 dancing weapons
  11 dream sheep
  A vampire (D:14)
  A wyvern (shapeshifter) (Elf:1)
  6 fire elementals
  2 shadows
  2 air elementals (Elf:1)
  3 water elementals
  75 yaks
  5 basilisks
  4 wyverns (Volcano)
  5 steam dragons
  A hog (Snake:2)
  Grum (D:8)
  8 vampire mosquitoes
  2 large abominations (Abyss:2)
  2 wargs
  4 swamp worms (Snake:1)
  A soldier ant (D:12)
  16 water moccasins
  39 nagas
  4 sky beasts
  Purgy (D:3)
  2 swamp drakes (Snake:1)
  3 hell hounds (D:14)
  6 porcupines
  5 ice beasts
  5 black bears
  37 orc warriors
  3 phantoms
  18 wolves
  15 ogres
  17 centaurs
  21 crocodiles
  4 big kobolds
  16 bullfrogs
  2 earth elementals (Elf:1)
  3 scorpions
  12 killer bees
  An electric eel (D:11)
  4 wights (D:11)
  7 howler monkeys
  A bullfrog zombie (D:6)
  2 crimson imps
  10 hounds
  25 orc priests
  2 jellies
  16 orc wizards
  A bullfrog skeleton (D:8)
  4 iguanas
  10 worker ants
  A hound zombie (D:7)
  A hound skeleton (D:6)
  3 worker ant zombies
  12 gnolls
  19 adders
  4 shadow imps
  2 oozes
  2 adder zombies
  An adder skeleton (D:6)
  2 worms
  5 leopard geckos
  103 orcs
  A ball python (Lair:4)
  4 bats
  3 giant cockroaches
  11 goblins
  12 hobgoblins
  17 jackals
  9 quokkas
  3 frilled lizards
  A jackal skeleton (D:3)
  26 kobolds
  A leopard gecko skeleton (D:6)
  A quokka skeleton (D:5)
  9 rats
  2 butterflies (Lair:1)
  A fungus (Lair:5)
1080 creatures vanquished.

Vanquished Creatures (collateral kills)
  An orc high priest (Orc:2)
  An orc knight (Orc:2)
  A merfolk siren (Shoals:2)
  A water elemental (D:11)
  2 orc warriors (Orc:2)
  2 hounds (D:11)
  An orc (D:12)
9 creatures vanquished.

Vanquished Creatures (others)
  A death yak (IceCv)
  4 polar bears (IceCv)
  6 dancing weapons
  5 yaks (IceCv)
  4 wolves (IceCv)
  A wight (D:11)
  A quasit (D:5)
  2 orc priests (D:5)
  An orc wizard (D:5)
  A shadow imp (D:10)
  3 orcs
  7 fungi
  6 plants
  7 tentacles (Shoals:3)
49 creatures vanquished.

Grand Total: 1138 creatures vanquished

Notes
Turn   | Place    | Note
-------+----------+-------------------------------------------
     0 | D:1      | tsouns the Spriggan Assassin began the quest for the Orb.
     0 | D:1      | Reached XP level 1. HP: 10/10 MP: 2/2
   123 | D:1      | Reached skill level 6 in Stealth
   320 | D:1      | Reached XP level 2. HP: 14/14 MP: 3/3
  1229 | D:2      | Reached XP level 3. HP: 17/18 MP: 4/4
  1497 | D:2      | Reached skill level 7 in Stealth
  1780 | D:2      | Reached XP level 4. HP: 17/22 MP: 5/5
  2611 | D:3      | HP: 1/22 [orc priest/nerve-wracking pain (13)]
  2613 | D:3      | Reached XP level 5. HP: 2/25 MP: 6/6
  3338 | D:3      | Found a faded altar of an unknown god.
  3376 | D:3      | Became a worshipper of Elyvilon the Healer
  3376 | D:3      | Reached * piety under Elyvilon
  3413 | D:3      | Reached skill level 8 in Stealth
  3545 | D:3      | Noticed Purgy
  3624 | D:3      | Killed Purgy
  3624 | D:3      | Reached XP level 6. HP: 12/30 MP: 7/7
  4051 | D:4      | Reached ** piety under Elyvilon
  4197 | D:4      | Reached skill level 5 in Short Blades
  4463 | D:4      | Reached skill level 9 in Stealth
  4607 | D:5      | Entered Level 5 of the Dungeon
  4696 | D:5      | Reached XP level 7. HP: 19/33 MP: 8/8
  4752 | D:5      | Found a shadowy altar of Dithmenos.
  4870 | D:5      | Reached *** piety under Elyvilon
  4927 | D:5      | Noticed Pikel
  4964 | D:5      | Killed Pikel
  4964 | D:5      | Reached skill level 5 in Throwing
  4964 | D:5      | Reached skill level 10 in Stealth
  4964 | D:5      | Reached XP level 8. HP: 37/37 MP: 9/9
  5389 | D:5      | Reached skill level 11 in Stealth
  5487 | D:5      | Found a glowing golden altar of the Shining One.
  5655 | D:5      | Reached **** piety under Elyvilon
  6356 | D:6      | Found a staircase to the Ecumenical Temple.
  6381 | Temple   | Entered the Ecumenical Temple
  6745 | D:6      | Reached skill level 1 in Invocations
  6989 | D:6      | Reached XP level 9. HP: 41/41 MP: 11/11
  7152 | D:6      | Found a hide-covered altar of Uskayaw.
  7186 | D:6      | Found an ornate altar of the Wu Jian Council.
  7393 | D:6      | Reached ***** piety under Elyvilon
  8133 | D:7      | Found Obuvam's Weapon Shop.
  8473 | D:7      | Found a glowing silver altar of Zin.
  8699 | D:7      | Found a shattered altar of Ashenzari.
  9195 | D:8      | Reached skill level 5 in Dodging
  9225 | D:8      | Reached XP level 10. HP: 49/49 MP: 14/14
  9475 | D:8      | Found Vor Fuucw's Antique Armour Boutique.
  9542 | D:8      | Bought a glowing cloak for 240 gold pieces
  9746 | D:8      | Noticed Grum
  9806 | D:8      | Killed Grum
  9806 | D:8      | Reached skill level 5 in Invocations
 10007 | D:8      | Noticed Psyche
 10013 | D:8      | Killed Psyche
 10248 | D:9      | Noticed a two-headed ogre
 10256 | D:9      | Noticed a two-headed ogre
 10297 | D:9      | Killed a two-headed ogre
 10475 | D:9      | Found a white marble altar of Elyvilon.
 10475 | D:9      | Found a snail-covered altar of Cheibriados.
 10476 | D:9      | Found an opulent altar of Gozag.
 10505 | D:9      | Reached ****** piety under Elyvilon
 10749 | D:9      | Killed a two-headed ogre
 10749 | D:9      | Reached skill level 10 in Short Blades
 11208 | D:9      | Reached skill level 12 in Stealth
 11240 | D:9      | Reached XP level 11. HP: 28/54 MP: 16/16
 11350 | D:9      | Found Xuwang's Food Emporium.
 11483 | D:10     | Entered Level 10 of the Dungeon
 11856 | D:10     | Paralysed by a hornet for 2 turns
 11941 | D:10     | Paralysed by a hornet for 2 turns
 11943 | D:10     | Reached skill level 5 in Fighting
 12045 | D:10     | Noticed a two-headed ogre
 12049 | D:10     | Killed a two-headed ogre
 12946 | D:11     | Noticed a five-headed hydra
 12984 | D:11     | Killed a five-headed hydra
 12984 | D:11     | Reached skill level 13 in Stealth
 13739 | D:11     | Noticed a cyan ugly thing
 13799 | D:11     | Killed a cyan ugly thing
 13804 | D:11     | Reached skill level 10 in Dodging
 13974 | D:11     | Found a staircase to the Lair.
 14359 | Lair:1   | Entered Level 1 of the Lair of Beasts
 14501 | D:11     | Learned a level 1 spell: Apportation
 14503 | D:11     | Learned a level 1 spell: Confusing Touch
 14507 | D:11     | Learned a level 3 spell: Dazzling Spray
 14634 | Lair:1   | Reached skill level 1 in Hexes
 14759 | Lair:1   | Reached skill level 1 in Spellcasting
 14844 | Lair:1   | Reached XP level 12. HP: 47/61 MP: 18/18
 14895 | Lair:1   | Reached skill level 14 in Stealth
 15562 | Lair:2   | Noticed a seven-headed hydra
 15569 | Lair:2   | Killed a seven-headed hydra
 15586 | Lair:2   | Noticed a five-headed hydra
 15854 | Lair:2   | Reached skill level 5 in Hexes
 15922 | Lair:2   | Noticed Sonja
 15953 | Lair:2   | Killed Sonja
 16122 | Lair:2   | Killed a five-headed hydra
 16371 | Lair:2   | Noticed zkyp's ghost (journeyman TeSu)
 16373 | Lair:2   | Found a runed translucent door.
 16892 | Lair:3   | Noticed Gastronok
 17104 | Lair:3   | Learned a level 3 spell: Confuse
 17108 | Lair:3   | Learned a level 3 spell: Tukima's Dance
 17111 | Lair:3   | Learned a level 2 spell: Ensorcelled Hibernation
 17130 | Lair:3   | Reached skill level 5 in Spellcasting
 17150 | Lair:3   | Found a staircase to the Shoals.
 17160 | Lair:3   | Reached skill level 15 in Stealth
 17311 | Lair:3   | You fall through a shaft!
 17597 | Lair:4   | Found a staircase to the Snake Pit.
 17603 | Lair:4   | Noticed a five-headed hydra
 17801 | Lair:4   | Killed a five-headed hydra
 18161 | Lair:4   | Found a transporter.
 18162 | Lair:4   | Noticed a five-headed hydra
 18165 | Lair:4   | Found a transporter.
 18165 | Lair:4   | Noticed Nafrigg's ghost (adept DrCj)
 18179 | Lair:4   | Reached XP level 13. HP: 65/65 MP: 23/23
 18364 | Lair:3   | Killed Gastronok
 18364 | Lair:3   | Reached skill level 10 in Hexes
 18652 | Lair:3   | Noticed Fannar
 18659 | Lair:3   | Killed Fannar
 18659 | Lair:3   | Reached skill level 16 in Stealth
 19004 | Lair:3   | Identified the +2 robe of the Abyss {rF+} (You found it on
                  | level 3 of the Lair of Beasts)
 20113 | Lair:5   | Found a frozen archway.
 20131 | IceCv    | Entered an ice cave
 20188 | IceCv    | Learned a level 2 spell: Passwall
 20695 | IceCv    | Elyvilon protects you from harm!
 21236 | IceCv    | Got a slimy scimitar
 21238 | IceCv    | Identified the +5 scimitar "Ewninteg" {venom, Dex+4 SInv}
                  | (You found it in an ice cave)
 21843 | IceCv    | Noticed a frost giant
 21862 | IceCv    | Killed a frost giant
 21862 | IceCv    | Reached skill level 17 in Stealth
 22625 | Lair:5   | HP: 2/67 [death yak (16)]
 23034 | Lair:5   | Found a runed translucent door.
 23034 | Lair:5   | Noticed Stiffzip's ghost (journeyman SpWz)
 23127 | Lair:6   | Entered Level 6 of the Lair of Beasts
 23205 | Lair:6   | Reached XP level 14. HP: 49/72 MP: 26/26
 23617 | Lair:6   | Reached skill level 18 in Stealth
 23930 | Lair:6   | Found a staircase to the Slime Pits.
 25109 | Lair:6   | Identified the +1 robe of Grace {rN++ MP-9 Stlth+} (You
                  | found it on level 6 of the Lair of Beasts)
 25783 | D:12     | Noticed Rupert
 25839 | D:12     | Killed Rupert
 26317 | D:12     | Found a runed translucent door.
 26447 | D:12     | Noticed Jorgrun
 26473 | D:12     | Killed Jorgrun
 26670 | D:12     | Found a staircase to the Orcish Mines.
 26857 | D:12     | Noticed melvinkitnick's ghost (journeyman DDFi)
 26880 | D:13     | Upgraded the game from 0.24-a0-312-g16217b4 to
                  | 0.24-a0-317-g5cb8de4
 26891 | D:13     | Found a portal to a secret trove of treasure.
 27009 | D:13     | Found Keach's Food Emporium.
 27399 | D:13     | Reached skill level 10 in Spellcasting
 27441 | D:13     | Found a roughly hewn altar of Beogh.
 27926 | D:14     | Noticed Frances
 28260 | D:13     | Killed Frances
 28260 | D:13     | Reached XP level 15. HP: 24/90 MP: 34/34
 28749 | D:14     | Reached skill level 15 in Dodging
 28769 | D:14     | Noticed Azrael
 28919 | D:14     | Found a gate to the Vaults.
 29472 | D:15     | Entered Level 15 of the Dungeon
 29702 | D:15     | Found a staircase to the Depths.
 29748 | D:15     | Reached skill level 1 in Armour
 30260 | D:15     | Reached skill level 19 in Stealth
 30441 | Orc:1    | Entered Level 1 of the Orcish Mines
 30732 | Orc:2    | Entered Level 2 of the Orcish Mines
 30732 | Orc:2    | Found a runed translucent gate.
 30732 | Orc:2    | Found a runed translucent gate.
 30732 | Orc:2    | Found a runed translucent gate.
 30742 | Orc:2    | Found a staircase to the Elven Halls.
 30744 | Orc:2    | Noticed Loge's ghost (journeyman TrMo)
 30755 | Orc:2    | Noticed Erolcha
 30759 | Orc:2    | Found Gyimior's Magic Scroll Boutique.
 30761 | Orc:2    | Killed Erolcha
 30767 | Orc:2    | Found Ozeh's Magic Scroll Shoppe.
 30770 | Orc:2    | Bought a scroll of blinking for 120 gold pieces
 30770 | Orc:2    | Bought a scroll of blinking for 120 gold pieces
 30782 | Orc:2    | Found a dark tunnel.
 30789 | Volcano  | Entered a volcano
 30958 | Volcano  | Reached skill level 10 in Fighting
 31882 | Orc:1    | Found Xojehiy's Assorted Antiques.
 31887 | Orc:1    | Bought a potion of invisibility for 168 gold pieces
 33282 | Orc:2    | Found Kuchaeca's Food Shoppe.
 33285 | Orc:2    | Found Beom's General Store.
 33286 | Orc:2    | Found Muimegibu's General Store.
 33287 | Orc:2    | Found Odeveyco's Armour Emporium.
 33293 | Orc:2    | Bought a potion of curing for 45 gold pieces
 33473 | Orc:2    | Bought a scroll of enchant armour for 120 gold pieces
 33473 | Orc:2    | Bought a scroll of magic mapping for 56 gold pieces
 33512 | D:12     | Learned a level 3 spell: Mephitic Cloud
 33670 | Snake:1  | Entered Level 1 of the Snake Pit
 33684 | Snake:1  | Found Yjaity's Assorted Antiques.
 33690 | Snake:1  | Found Izus's Jewellery Boutique.
 33729 | Snake:1  | Bought a shiny lead wand for 140 gold pieces
 33736 | Snake:1  | Bought an uncursed amulet of regeneration for 360 gold
                  | pieces
 33896 | Snake:1  | Reached skill level 1 in Poison Magic
 33967 | Snake:1  | Reached skill level 1 in Air Magic
 34085 | Snake:1  | Reached skill level 1 in Conjurations
 34508 | Lair:4   | Reached XP level 16. HP: 58/85 MP: 31/31
 34659 | Snake:1  | Identified a scroll of acquirement
 34677 | Snake:1  | Reached skill level 1 in Evocations
 34949 | Snake:1  | Found Gyvass's Assorted Antiques.
 34952 | Snake:1  | Bought 3 scrolls labeled CIPSET KEGIUTOT for 99 gold pieces
 35228 | Snake:1  | Reached skill level 10 in Invocations
 35312 | Snake:2  | Noticed Asterion
 35326 | Snake:2  | Killed Asterion
 35455 | Snake:2  | Noticed Kirke
 35781 | Snake:2  | Reached skill level 20 in Stealth
 36026 | Snake:2  | Killed Kirke
 37495 | Snake:4  | Entered Level 4 of the Snake Pit
 37836 | Shoals:1 | Entered Level 1 of the Shoals
 38614 | Shoals:2 | Reached XP level 17. HP: 90/91 MP: 18/33
 38801 | Shoals:2 | Learned a level 5 spell: Yara's Violent Unravelling
 38978 | Shoals:2 | Reached skill level 1 in Transmutations
 39478 | Shoals:3 | Noticed a kraken
 39636 | Shoals:3 | Killed a kraken
 40125 | Shoals:3 | Found Buma's Magic Scroll Boutique.
 40154 | Shoals:3 | Bought a scroll of acquirement for 936 gold pieces
 40166 | Shoals:3 | Bought a scroll of acquirement for 936 gold pieces
 40226 | Shoals:3 | Reached skill level 21 in Stealth
 40365 | Shoals:4 | Entered Level 4 of the Shoals
 40365 | Shoals:4 | Found Xaschok's Antique Weapon Emporium.
 40388 | Shoals:4 | Found Mouhoerr's Assorted Antiques.
 40627 | Elf:1    | Entered Level 1 of the Elven Halls
 41008 | Elf:1    | Found Pigaef's Jewellery Boutique.
 41063 | Elf:1    | Noticed Nikola
 41119 | Elf:1    | Killed Nikola
 41119 | Elf:1    | Reached skill level 5 in Armour
 41378 | Elf:1    | Identified the cursed +0 leather armour "Qounacw" {Str+4}
 43070 | Snake:4  | Cast into level 1 of the Abyss (naga)
 43082 | Abyss:2  | Found a corrupted altar of Lugonu.
 43082 | Abyss:2  | Found a corrupted altar of Lugonu.
 43218 | Abyss:2  | Gained mutation: You are occasionally teleported next to
                  | monsters. [a neqoxec]
 43229 | Abyss:2  | Gained mutation: Your spells are a little easier to cast,
                  | but a little less powerful. [a neqoxec]
 43294 | Snake:4  | Escaped the Abyss
 43610 | Snake:4  | Reached XP level 18. HP: 86/96 MP: 35/35
 43935 | Snake:4  | Elyvilon protects you from harm!
 43935 | Snake:4  | HP: 4/96 [nagaraja/+0 club (4)]
 43938 | Snake:4  | Killed from afar by a nagaraja

Levels and vault maps discovered:
D:1:      minmay_arrival_nine_rooms, layout_basic
D:2:      layout_loops_ring, minivault_11
D:3:      minmay_thinvault, layout_loops_cross,
          chequers_ecumenical_altar_simple, first_ration, uniq_purgy
D:4:      layout_loops_ring
D:5:      layout_layer_cave, tso_altar, nicolae_dithmenos_shadow_blocks,
          uniq_pikel
D:6:      corexii_shantytown, layout_basic, lemuel_crystal_altar,
          lemuel_crystal_altar, minmay_bent
D:7:      layout_rooms, marbit_many_paths, kennysheep_mini_moat, serial_curves,
          eino_curves_02, eino_curves_02, serial_shops, shop
D:8:      layout_basic, serial_shops, nicolae_shop_behind_doors,
          blue_anna_alchemist [blue_anna_fruit_fields, blue_anna_fruit_fields],
          uniq_grum, uniq_psyche
D:9:      layout_grid_maze, chequers_temple_overflow_statue_of_worship,
          serial_shops, shop
D:10:     layout_basic, minmay_holes, patterned_corridor
D:11:     layout_stronghold, erik_lair_island, hangedman_decor_lopped
D:12:     layout_stronghold, hiddenorc2_lemuel, serial_column_ruins,
          column_ruins_columns_straight, column_ruins_open_tiny,
          column_ruins_columns_straight, column_ruins_open_small,
          column_ruins_grid_1, ebering_ghost_reflecting_pool, uniq_jorgrun,
          uniq_rupert
D:13:     layout_rooms, special_room [special_room_orc], serial_shops, shop,
          enter_trove_1
D:14:     layout_big_octagon, david_vaults_1, kennysheep_nondescript,
          serial_bayou_pond_d, uniq_azrael, uniq_frances
D:15:     hangedman_depths_entry_try_elsewhere_first, layout_gridville,
          grunt_decor_resistance
Temple:   dpeg_chambers_temple
Lair:1:   layout_gridlike, serial_bayou_shore_a, lemuel_fruit_fields,
          lemuel_fruit_tree
Lair:2:   layout_cave_pods, hellmonk_ghost_happy_afterlife, uniq_sonja
Lair:3:   layout_cave_pods, minmay_shoals_entry_beasts, beast_lair_carwin_11,
          uniq_gastronok, uniq_fannar
Lair:4:   layout_loops_ring, minmay_snake_entry_six_corridors,
          gammafunk_ghost_arena
Lair:5:   layout_roguey, gammafunk_ghost_grave, portal_ice_cave_entry_pillars_2,
          grunt_megastairs_3
Lair:6:   evilmike_catoblepas_cave, layout_gridlike,
          minmay_slime_entry_oklob_enclosed, lemuel_fruit_fields
Shoals:1: layout_shoals
Shoals:2: layout_shoals
Shoals:3: layout_shoals, serial_shops, shop
Shoals:4: shoals_end_grunt_ice, layout_shoals, serial_shops, shop, shop,
          nicolae_shop_window_shopping
Snake:1:  onia_ninara_swampy_vault, layout_misc_corridors, serial_shops,
          nicolae_shop_behind_doors, serial_bayou_crossing, minmay_shoptagon
Snake:2:  layout_rooms, uniq_kirke, uniq_asterion
Snake:3:  layout_layer_cave
Snake:4:  minmay_snake_end_coiled, layout_cave_town, serial_bayou_pond_e
Orc:1:    layout_caves, serial_shops, shop
Orc:2:    st_orc_pillars, layout_caves, gammafunk_ghost_split,
          nicolae_volcano_entry_two_sided, serial_shops, shop,
          nicolae_shop_waterfront, uniq_erolcha
Elf:1:    eino_elf_arrival_customs, layout_loops_ring, serial_glass,
          glass_columns_a, glass_columns_b, serial_shops,
          nicolae_shop_window_shopping, orc_legates, uniq_nikola

Skill      XL: |  1  2  3  4  5  6  7  8  9 10 11 12 13 14 15 16 17 |
---------------+----------------------------------------------------+-----
Stealth        | 6 7 8 9 10 11 12 13 15 17 18 19 20 21 | 21.8
Short Blades   | 3 4 5 6 8 9 10 11 | 11.0
Throwing       | 3 4 5 6 7 8 |  8.1
Invocations    | 2 4 6 7 8 9 10 11 | 11.4
Dodging        | 5 7 10 12 14 16 17 | 17.5
Fighting       | 3 4 6 7 9 10 11 | 11.5
Hexes          | 2 9 10 11 | 11.9
Spellcasting   | 1 6 7 10 11 12 | 12.0
Armour         | 3 4 5 |  5.3
Poison Magic   | 2 |  2.0
Air Magic      | 1 |  1.7
Conjurations   | 1 |  1.3
Evocations     | 2 |  2.8
Transmutations | 3 |  3.4

Action                   |  1- 3 |  4- 6 |  7- 9 | 10-12 | 13-15 | 16-18 || total
-------------------------+-------+-------+-------+-------+-------+-------++-------
Melee: Dagger            |    96 |   229 |   436 |  1313 |   771 |     2 ||  2847
       Short sword       |       |       |       |       |   871 |   261 ||  1132
       Quick blade       |       |       |       |       |       |   562 ||   562
       Rapier            |       |       |       |       |       |   368 ||   368
Throw: Dart              |    24 |    53 |   161 |   168 |    14 |    27 ||   447
       Stone             |     1 |       |       |       |       |       ||     1
       Boomerang         |       |       |     6 |     2 |       |       ||     8
 Cast: Confusing Touch   |       |       |       |    18 |    46 |   141 ||   205
       Ensorcelled Hiber |       |       |       |    15 |   242 |   121 ||   378
       Confuse           |       |       |       |     9 |   109 |    58 ||   176
       Dazzling Spray    |       |       |       |     3 |    15 |    22 ||    40
       Tukima's Dance    |       |       |       |       |    32 |     7 ||    39
       Passwall          |       |       |       |       |     3 |       ||     3
Invok: Lesser Healing    |       |       |       |     1 |       |       ||     1
       Divine Vigour     |       |       |       |       |     1 |     1 ||     2
       Greater Healing   |       |       |       |       |       |     1 ||     1
Evoke: Wand              |       |    10 |     1 |    18 |    24 |     1 ||    54
       Sack of spiders   |       |       |       |     1 |     1 |       ||     2
       Box of beasts     |       |       |       |       |     1 |       ||     1
  Use: Scroll            |       |    13 |     7 |    11 |    14 |    18 ||    63
       Potion            |       |       |     1 |     4 |     7 |     7 ||    19
 Stab: Sleeping          |     9 |     9 |    26 |    42 |   192 |    97 ||   375
       Distracted        |       |     1 |     3 |     4 |     3 |     2 ||    13
       Confused          |       |       |       |    23 |   110 |   192 ||   325
       Invisible         |       |       |       |     2 |     3 |     4 ||     9
  Eat: Ration            |       |     1 |     2 |     6 |    10 |     6 ||    25
Armor: Robe              |    16 |    16 |       |       |       |       ||    32
       Troll leather arm |       |    12 |    51 |    43 |       |       ||   106
       Steam dragon scal |       |       |       |    62 |   138 |   127 ||   327
Dodge: Dodged            |    60 |   150 |   193 |   733 |  1125 |   973 ||  3234

Table legend:
 A = Non-vault XP
 B = Vault XP
 C = Vault XP percentage of total XP
 D = Non-vault monster count
 E = Vault monster count
 F = Vault count percentage of total count
                 A         B        C        D         E       F
            +---------+---------+-------+---------+---------+-------
      Total |  190591 |  105568 |  35.6 |     707 |     379 |  34.9
            +---------+---------+-------+---------+---------+-------
        D:1 |      33 |       0 |   0.0 |      14 |       0 |   0.0
        D:2 |      84 |       0 |   0.0 |      21 |       0 |   0.0
        D:3 |     157 |     173 |  52.4 |      33 |      11 |  25.0
        D:4 |     279 |       0 |   0.0 |       4 |       0 |   0.0
        D:5 |     933 |     685 |  42.3 |      18 |       1 |   5.3
        D:6 |     511 |     422 |  45.2 |      23 |      38 |  62.3
        D:7 |     834 |      90 |   9.7 |      21 |       1 |   4.5
        D:8 |    2829 |    1202 |  29.8 |      26 |       7 |  21.2
        D:9 |    2759 |       0 |   0.0 |      15 |       0 |   0.0
       D:10 |    3818 |       0 |   0.0 |      30 |       0 |   0.0
       D:11 |    4531 |     679 |  13.0 |      31 |       9 |  22.5
       D:12 |    2997 |    6437 |  68.2 |      18 |      34 |  65.4
       D:13 |    5307 |    3799 |  41.7 |      23 |      25 |  52.1
       D:14 |    5682 |    2811 |  33.1 |      26 |       9 |  25.7
       D:15 |    8545 |    2817 |  24.8 |      39 |       4 |   9.3
     Lair:1 |    4292 |       0 |   0.0 |      22 |       0 |   0.0
     Lair:2 |    4537 |     807 |  15.1 |      15 |       1 |   6.2
     Lair:3 |    3261 |    4617 |  58.6 |      14 |       7 |  33.3
     Lair:4 |    7892 |    1869 |  19.1 |      30 |      11 |  26.8
     Lair:5 |    3311 |    4748 |  58.9 |      10 |      14 |  58.3
     Lair:6 |    8990 |   11520 |  56.2 |      34 |      24 |  41.4
   Shoals:1 |   13067 |       0 |   0.0 |      27 |       0 |   0.0
   Shoals:2 |   17515 |       0 |   0.0 |      36 |       0 |   0.0
   Shoals:3 |   15270 |       0 |   0.0 |      29 |       0 |   0.0
    Snake:1 |   17969 |    3437 |  16.1 |      35 |      10 |  22.2
    Snake:2 |   17398 |    5064 |  22.5 |      29 |       3 |   9.4
    Snake:3 |   10242 |       0 |   0.0 |      21 |       0 |   0.0
    Snake:4 |   11390 |   14133 |  55.4 |      23 |      29 |  55.8
      Orc:1 |     173 |     113 |  39.5 |       3 |       1 |  25.0
      Orc:2 |    1055 |   11190 |  91.4 |       7 |      57 |  89.1
      Elf:1 |   12716 |   12914 |  50.4 |      26 |      24 |  48.0
    Abyss:2 |    2214 |       0 |   0.0 |       4 |       0 |   0.0
      IceCv |       0 |    8749 | 100.0 |       0 |      32 | 100.0
    Volcano |       0 |    7292 | 100.0 |       0 |      27 | 100.0
            +---------+---------+-------+---------+---------+-------
